 Dungeon Crawl Stone Soup version 0.31.0-9-g3a7656b989 (webtiles) character file.

Game seed: 15561436989746285857

10 Colgate the Poker (level 2, 24/24 HPs)
             Began as a Demonspawn Chaos Knight on Feb 3, 2024.
             Was a Plaything of Xom.
             Quit the game on level 1 of the Dungeon.
             The game lasted 00:00:50 (220 turns).

Colgate the Poker (Demonspawn Chaos Knight)          Turns: 220, Time: 00:00:50

Health: 24/24      AC:  5    Str: 12    XL:     2   Next: 10%
Magic:  2/2        EV: 11    Int: 12    God:    Xom [..*...]
Gold:   51         SH:  0    Dex: 12    Spells: 1/1 levels left

rFire   . . .        a - +0 spear (chaos)
rCold   . . .        (no shield)
rNeg    . . .        b - +2 leather armour
rPois   .            (no helmet)
rElec   .            (no cloak)
rCorr   .            (no gloves)
SInv    .            (no boots)
Will    .....        (no amulet)
Stlth   +            (no ring)
HPRegen 0.24/turn    (no ring)
MPRegen 0.08/turn

%: no passive effects
@: no status effects
A: foul stench 1
a: Renounce Religion


You were on level 1 of the Dungeon.
You worshipped Xom.
You were a toy of Xom.
You visited 1 branch of the dungeon, and saw 1 of its levels.

You collected 51 gold pieces.

Inventory:

Hand Weapons
 a - a +0 spear of chaos (weapon)
Armour
 b - a +2 leather armour (worn)
Scrolls
 c - a scroll of butterflies
Potions
 d - a potion of lignification {unknown}
 e - a potion of brilliance {unknown}


   Skills:
 - Level 3.0 Fighting
 + Level 3.3 Polearms
 - Level 1.7 Armour
 - Level 0.8 Dodging


You had one spell level left.
You didn't know any spells.
Your spell library was empty.

Dungeon Overview and Level Annotations

Branches:
Dungeon (1/15)

Altars:


Innate Abilities, Weirdness & Mutations

You may rarely emit foul miasma when damaged in melee.


Message History

A kobold is nearby!
You hit the kobold but do no damage. Lightning courses through the kobold!
You kill the kobold!
Key pressed, stopping explore.
No target in view!
Key pressed, stopping explore.
No target in view!
You now have 42 gold pieces (gained 12).
e - a fizzy coppery potion No target in view!
You now have 51 gold pieces (gained 9).
A quokka comes into view.
A quokka is nearby!
You hit the quokka. You burn the quokka.
The quokka bites you but does no damage.
A quokka is nearby!
You barely miss the quokka. The quokka barely misses you.
A quokka is nearby!
You hit the quokka. You burn the quokka.
You kill the quokka!
A dart slug comes into view.
A goblin and a giant cockroach come into view.
There are monsters nearby!
You reach to attack!
You closely miss the giant cockroach. You hit the giant cockroach.
You freeze the giant cockroach.
The giant cockroach bites you but does no damage.
You hit the giant cockroach.
The giant cockroach bites you but does no damage.
You hit the giant cockroach but do no damage.
The giant cockroach barely misses you. The giant cockroach bites you.
You hit the giant cockroach.
You feel better.
You kill the giant cockroach!
You hit the dart slug.
The dart slug is poisoned.
You hit the dart slug. You burn the dart slug.
You kill the dart slug!
You have reached level 2!
Your demonic ancestry asserts itself...
You begin to emit a foul stench of rot and decay.
Xom is amused.
Are you sure you want to abandon this character and quit the game? (Confirm with "yes".)

...##..... ##
........# ..
#.......# ###.
#.g..... #...##
#...... #.....
####...w. #.....
........# #.....
#####.# ##.....
#..@..# #......
#.##### #......
#.#...# #......
#.#.### # #####...#
#.#...# .# #.......#
#.....#..###.###....
#####.#........+)...
###.#.#####.##....
#......#....#.....


There were no monsters in sight!

Vanquished Creatures
  A dart slug (D:1)
  An endoplasm (D:1)
  A giant cockroach (D:1)
  A quokka (D:1)
  2 ball pythons (D:1)
  A kobold (D:1)
  A rat (D:1)
8 creatures vanquished.

Notes
Turn   | Place    | Note
-------+----------+-------------------------------------------
     0 | D:1      | Colgate the Demonspawn Chaos Knight began the quest for the
                  | Orb.
     0 | D:1      | Reached XP level 1. HP: 18/18 MP: 1/1
   220 | D:1      | Gained mutation: You may rarely emit foul miasma when
                  | damaged in melee. [demonic ancestry]
   220 | D:1      | Reached XP level 2. HP: 24/24 MP: 2/2
   220 | D:1      | Quit the game

Illustrated notes

Levels and vault maps discovered:
D:1:      tarquinn_simple_flora_water_a, layout_basic, serial_shops,
          nicolae_shop_advertising_works [nicolae_subvault_shop_adworks]

Skill      XL: |  1 |
---------------+----+-----
Polearms       | 3 |  3.3
Fighting       | |  3.0
Armour         | |  1.7
Dodging        | |  0.8

Action                     || total
---------------------------++-------
  Melee: Spear             ||    21
 Armour: Leather armour    ||     5
  Dodge: Dodged            ||     7
